 Dungeon Crawl Stone Soup version 0.30-a0-852-g08b95dd62f (webtiles) character file.

Game seed: 6807365337648083549

1925 cheesebisquit the Arsonist (level 9, -21/62 HPs)
             Began as a Hill Orc Fire Elementalist on Mar 4, 2023.
             Was a Follower of Vehumet.
             Demolished by a two-headed ogre
             ... wielding a +0 giant club
              (25 damage)
             ... on level 7 of the Dungeon on Mar 5, 2023.
             The game lasted 00:33:46 (7544 turns).

cheesebisquit the Arsonist (HOFE)                   Turns: 7544, Time: 00:33:47

Health: -21/62     AC: 10    Str: 11    XL:     9   Next: 17%
Magic:  12/18      EV: 12    Int: 19    God:    Vehumet [*.....]
Gold:   360        SH:  0    Dex: 11    Spells: 8/21 levels left

rFire   . . .      SeeInvis +    g - +4 whip
rCold   . . .      Faith    .    (no shield)
rNeg    . . .      Spirit   .    a - +1 robe
rPois   .          Reflect  .    n - +1 helmet
rElec   .          Rampage  .    c - +2 cloak {Will+}
rCorr   .                        d - +1 pair of gloves
Will    +....                    (no boots)
Stlth   ++                       w - amulet of magic regeneration
HPRegen 0.30/turn                h - ring of wizardry
MPRegen 0.56/turn                x - ring of see invisible

@: no status effects
A: no striking features
a: Renounce Religion


You were on level 7 of the Dungeon.
You worshipped Vehumet.
Vehumet was aware of your devotion.
You visited 2 branches of the dungeon, and saw 8 of its levels.

You collected 360 gold pieces.

Inventory:

Hand Weapons
 g - a +4 whip (weapon)
 C - a +2 flail of protection
Missiles
 j - 9 poisoned darts
Armour
 a - a +1 robe (worn)
 c - a +2 cloak of willpower (worn)
 d - a +1 pair of gloves (worn)
 n - a +1 helmet (worn)
Jewellery
 h - a ring of wizardry (left hand)
 w - an amulet of magic regeneration (around neck)
 x - a ring of see invisible (right hand)
 E - a +6 ring of dexterity
Wands
 m - a wand of acid (6)
 v - a wand of charming (15)
 y - a wand of mindburst (11)
Scrolls
 b - a scroll of brand weapon {unknown}
 p - a scroll of fear
 q - 2 scrolls of teleportation
 r - 2 scrolls of magic mapping {unknown}
 t - 2 scrolls of blinking {unknown}
 D - a scroll of immolation {unknown}
 F - a scroll of enchant weapon {unknown}
Potions
 e - a potion of cancellation {unknown}
 f - 11 potions of curing
 i - 2 potions of brilliance
 k - 2 potions of invisibility {unknown}
 l - a potion of lignification {unknown}
 o - 2 potions of berserk rage {unknown}
 s - a potion of magic
 u - 2 potions of attraction {unknown}
 z - a potion of flight {unknown}
 A - a potion of haste {unknown}
 B - 2 potions of heal wounds {unknown}


   Skills:
 - Level 1.5 Dodging
 - Level 1.5 Stealth
 + Level 6.5 Spellcasting
 - Level 1.0 Conjurations
 + Level 9.6 Fire Magic


You had 8 spell levels left.
You knew the following spells:

 Your Spells              Type           Power      Damage    Failure   Level
a - Foxfire               Conj/Fire      100%       2x1d9     1%          1
b - Kindle Blastsparks    Fire/Tloc/Air  36%        2d13      3%          3
c - Inner Flame           Hex/Fire       24%        N/A       1%          3
d - Flame Wave            Conj/Fire      26%        2d8       4%          4
z - Scorch                Fire           84%        2d9       1%          2

Your spell library contained the following spells:

 Spells                   Type           Power      Damage    Failure   Level
 Shock                    Conj/Air       32%        1d5       3%          1
 Sandblast                Erth           12%        2d6       4%          1
 Slow                     Hex            24%        N/A       4%          1
 Blink                    Tloc           12%        N/A       6%          2
 Ensorcelled Hibernation  Hex/Ice        12%        N/A       6%          2
 Passwall                 Tmut/Erth      5%         N/A       6%          2
 Hailstorm                Conj/Ice       8%         3d4       11%         3
 Stone Arrow              Conj/Erth      16%        3d8       11%         3
 Confusing Touch          Hex            6%         N/A       13%         3
 Spider Form              Tmut/Pois      6%         N/A       13%         3
 Vampiric Draining        Necr           6%         2d6       13%         3
 Anguish                  Hex/Necr       3%         N/A       38%         4
 Ice Form                 Ice/Tmut       6%         N/A       38%         4
 Manifold Assault         Tloc           6%         N/A       38%         4
 Simulacrum               Ice/Necr       3%         N/A       99%         6
 Summon Cactus Giant      Summ           3%         N/A       99%         6
 Storm Form               Tmut/Air       3%         N/A       100%        7


Dungeon Overview and Level Annotations

Branches:
Dungeon (7/15)             Temple (1/1) D:5

Altars:
Ashenzari
Cheibriados
Dithmenos
Elyvilon
Fedhas
Kikubaaqudgha
Makhleb
Nemelex Xobeh
Qazlal
Ru
Trog
Uskayaw
Vehumet
Xom
Yredelemnul
Zin
The Shining One

Shops:
D:2 =


Message History

The foxfire hits the two-headed ogre!
The two-headed ogre is burned terribly!
The two-headed ogre is moderately wounded.
You conjure some foxfire!
A hound comes into view.
The hound pauses to sniff the ground.
The two-headed ogre hits you with a +0 giant club!!
The two-headed ogre hits you but does no damage.
Casting: Foxfire (safe; 1% risk of failure)
Confirm with . or Enter, or press ? or * to list all spells.
Flames lash the two-headed ogre.
The two-headed ogre is burned terribly!
The two-headed ogre is moderately wounded.
The foxfire hits the two-headed ogre.
The two-headed ogre is heavily wounded.
The foxfire hits the two-headed ogre.
The two-headed ogre is heavily wounded.
You conjure some foxfire!
The two-headed ogre barely misses you. The two-headed ogre misses you.
Casting: Foxfire (safe; 1% risk of failure)
Confirm with . or Enter, or press ? or * to list all spells.
Flames lash the hound.
The hound is severely wounded.
The hound's fire resistance burns away.
The foxfire hits the two-headed ogre!
The two-headed ogre is burned terribly!
The two-headed ogre is severely wounded.
The foxfire hits the hound!
The hound is burned terribly!
You kill the hound!
Vehumet accepts your kill.
You feel your power returning.
The two-headed ogre hits you with a +0 giant club!
The two-headed ogre hits you but does no damage.
You conjure some foxfire!
You conjure some foxfire!
The foxfire hits the two-headed ogre.
The two-headed ogre is burned terribly!
The two-headed ogre is severely wounded.
The foxfire hits the two-headed ogre.
The two-headed ogre is burned terribly!
The two-headed ogre is severely wounded.
The two-headed ogre hits you with a +0 giant club!!
* * * LOW HITPOINT WARNING * * *
The two-headed ogre hits you with a +0 great mace!!
You die...

# # ####.### # #......#
# #......# # #......###
####### ........
....... .....####
####### #######Ov$.....
....... .......@v....#
.###############§####.#
.#......#§§.v.....$.#
##.####.#.######.#..#
......#......# #.#.##
...##.###....# #.# .
#####.# ###### #.# #. #
#.# #.# .# # #.# #.. #


You could see a two-headed ogre (combustible, ally target).

Vanquished Creatures
  Joseph (D:6)
  A steam dragon (D:7)
  An ice beast (D:6)
  A black bear (D:6)
  A centaur (D:5)
  2 phantoms (D:5)
  4 scorpions
  4 killer bees (D:7)
  2 orc priests
  4 hounds
  2 jellies
  6 iguanas
  Terence (D:3)
  A sleepcap (D:5)
  An orc wizard (D:4)
  8 adders
  A shadow imp (D:6)
  A white imp (D:5)
  2 ufetubi
  2 worms
  3 dart slugs
  24 orcs
  3 ball pythons
  5 bats
  9 endoplasms
  2 giant cockroaches (D:4)
  12 hobgoblins
  7 jackals (D:3)
  6 quokkas
  4 frilled lizards
  8 goblins
  14 kobolds
  9 rats
152 creatures vanquished.

Vanquished Creatures (collateral kills)
  3 foxfires (D:1)
3 creatures vanquished.

Vanquished Creatures (others)
  389 foxfires
  10 plants (D:1)
399 creatures vanquished.

Grand Total: 554 creatures vanquished

Notes
Turn   | Place    | Note
-------+----------+-------------------------------------------
     0 | D:1      | cheesebisquit the Hill Orc Fire Elementalist began the
                  | quest for the Orb.
     0 | D:1      | Reached XP level 1. HP: 14/14 MP: 3/3
   133 | D:1      | Reached XP level 2. HP: 15/20 MP: 0/4
   777 | D:1      | Reached XP level 3. HP: 26/26 MP: 4/6
   970 | D:1      | Reached skill level 4 in Fire Magic
  1027 | D:1      | Learned a level 2 spell: Scorch
  1031 | D:1      | Learned a level 3 spell: Inner Flame
  1593 | D:2      | Reached XP level 4. HP: 33/33 MP: 5/7
  1683 | D:2      | Found Zufuceu's Jewellery Shoppe.
  2715 | D:3      | Reached skill level 5 in Fire Magic
  2715 | D:3      | Reached XP level 5. HP: 38/38 MP: 1/9
  2979 | D:3      | Noticed Terence
  2989 | D:3      | Killed Terence
  3602 | D:4      | Reached XP level 6. HP: 39/45 MP: 4/11
  3839 | D:4      | Reached skill level 6 in Fire Magic
  4330 | D:4      | Reached XP level 7. HP: 50/50 MP: 9/13
  4394 | D:4      | Learned a level 3 spell: Kindle Blastsparks
  4399 | D:4      | Learned a level 4 spell: Flame Wave
  4450 | D:4      | Found a sacrificial altar of Ru.
  4819 | D:5      | Entered Level 5 of the Dungeon
  4966 | D:5      | Found a staircase to the Ecumenical Temple.
  4979 | Temple   | Entered the Ecumenical Temple
  5095 | Temple   | Became a worshipper of Vehumet
  5571 | D:5      | Reached skill level 7 in Fire Magic
  5697 | D:5      | Found a stormy altar of Qazlal.
  5720 | D:5      | Found a bloodstained altar of Trog.
  6120 | D:6      | Reached skill level 5 in Spellcasting
  6120 | D:6      | Reached XP level 8. HP: 57/57 MP: 12/15
  6346 | D:6      | Reached skill level 8 in Fire Magic
  6510 | D:6      | Reached * piety under Vehumet
  6510 | D:6      | Offered knowledge of Shock by Vehumet.
  7128 | D:7      | Noticed Joseph
  7135 | D:7      | Reached skill level 9 in Fire Magic
  7148 | D:7      | HP: 2/57 [Joseph/sling bullet (7)]
  7351 | D:6      | Killed Joseph
  7352 | D:6      | Reached XP level 9. HP: 45/62 MP: 10/18
  7532 | D:7      | Noticed a two-headed ogre
  7544 | D:7      | Demolished by a two-headed ogre

Illustrated notes

Levels and vault maps discovered:
D:1:      lemuel_arrival_broad_hall, layout_loops_corners, minivault_23,
          wad_floor_pattern_2, serial_bayou_lagoon_a
D:2:      layout_basic, serial_shops, shop
D:3:      layout_basic, serial_corexii_hall, corexii_hall_statues_i,
          chequers_hall_statues_y, uniq_terence
D:4:      minmay_thinvault, layout_cave_pools,
          mainiacjoe_overflow_surrounded_room
D:5:      layout_loops_ring, mainiacjoe_overflow_catwalk_spiral, temple_pool_b,
          kennysheep_boxes
D:6:      layout_rooms, nicolae_eternal_life
D:7:      layout_basic, okawaru_altar_gauntlet_db, uniq_joseph
Temple:   nicolae_temple_two_arcs

Skill      XL: |  1  2  3  4  5  6  7  8 |
---------------+-------------------------+-----
Spellcasting   | 2 3 4 5 6 |  6.5
Fire Magic     | 4 5 6 7 9 |  9.6
Dodging        | |  1.5
Stealth        | |  1.5
Conjurations   | |  1.0

Action                     |  1- 3 |  4- 6 |  7- 9 || total
---------------------------+-------+-------+-------++-------
  Melee: Dagger            |     8 |       |       ||     8
         Whip              |     6 |    22 |       ||    28
         Punch             |       |     1 |       ||     1
   Cast: Foxfire           |    38 |    96 |    96 ||   230
         Scorch            |     4 |    34 |    53 ||    91
         Kindle Blastspark |       |       |     2 ||     2
    Use: Potion            |     1 |       |       ||     1
         Scroll            |       |     3 |     4 ||     7
 Armour: Robe              |    13 |    14 |    28 ||    55
  Dodge: Dodged            |    26 |    41 |    44 ||   111

Table legend: (Time is in decaauts)
 A = Elapsed time spent in this place.
 B = Non-inter-level travel time spent in this place.
 C = Inter-level travel time spent in this place.
 D = Time resting spent in this place.
 E = Time spent auto-exploring this place.
 F = Levels seen in this place.
 G = Mean time per level.
                   A        B        C        D        E       F      G
               +--------+--------+--------+--------+--------+-----+--------+
         Total |   7584 |   7208 |    376 |    621 |   5506 |   8 |  948.0 |
       Dungeon |   7459 |   7090 |    369 |    621 |   5400 |   7 | 1065.6 |
        Temple |    124 |    117 |      7 |      0 |    106 |   1 |  124.0 |
               +--------+--------+--------+--------+--------+-----+--------+

Top non-repeatable levels by time:
     D:1: 1435 daAuts
     D:4: 1371 daAuts
     D:5: 1178 daAuts
     D:2: 1020 daAuts
     D:3: 1015 daAuts
     D:6: 1003 daAuts
     D:7: 434 daAuts
  Temple: 124 daAuts
